 Dungeon Crawl Stone Soup version 0.30-a0-122-g2a1322497e (webtiles) character file.

Game seed: 1127770809735159575

29844 ytrimaz the Warrior (level 13, 0/115 HPs)
             Began as a Demonspawn Gladiator on Sept 15, 2022.
             Slain by Kirke (15 damage)
             ... on level 3 of the Lair of Beasts.
             The game lasted 00:22:41 (19726 turns).

ytrimaz the Warrior (Demonspawn Gladiator)         Turns: 19726, Time: 00:22:41

Health: 0/115      AC:  0    Str: 20    XL:     13   Next: 17%
Magic:  13/13      EV: 15    Int:  9    God:
Gold:   633        SH:  0    Dex: 15    Spells: 12/12 levels left

rFire   + . .      SeeInvis .    (weapon currently unavailable)
rCold   + . .      Faith    .    (shield currently unavailable)
rNeg    + . .      Spirit   .    (body armour currently unavailable)
rPois   +          Reflect  .    (helmet currently unavailable)
rElec   +          Harm     .    (cloak currently unavailable)
rCorr   +          Rampage  .    (gloves currently unavailable)
Will    .....                    (boots currently unavailable)
Stlth   +.........               M - amulet "Fikus" {RegenMP Contam rElec rN+}
HPRegen 0.29/turn                (ring currently unavailable)
MPRegen 0.53/turn                (ring currently unavailable)

@: pig-form, resistant, spiked, invisible, very quick
A: fast, no casting, small, (hooves 2), (yellow scales 3), foul stench 2,
powered by pain 1, bedeviling
a: no special abilities


You were on level 3 of the Lair of Beasts.
You were a filthy swine.
You visited 2 branches of the dungeon, and saw 15 of its levels.
You also visited: Sewer, Ossuary and Gauntlet.

You collected 858 gold pieces.
You spent 225 gold pieces at shops.


Innate Abilities, Weirdness & Mutations

You are a filthy swine.
You move quickly.
Your equipment is almost entirely melded.
You are incapable of wielding weapons or throwing items.
You cannot cast spells.
((You have hoof-like feet.))
((You are completely covered in yellow scales. (AC +4, rCorr)))
You sometimes emit foul miasma when damaged in melee.
You sometimes gain a little power by taking damage.
Your hexes are more powerful.


   Skills:
 - Level 15.0 Fighting
 - Level 2.6 Short Blades
 + Level 5.0 Polearms
 - Level 1.7 Throwing
 + Level 14.6 Armour
 - Level 2.6 Dodging


You had 12 spell levels left.
You didn't know any spells.
Your spell library contained the following spells:

 Spells                   Type           Power      Damage    Failure   Level
 Necrotise                Necr           0%         1d4       38%         1
 Static Discharge         Conj/Air       0%         3-3/arc   52%         2
 Ignite Poison            Fire/Tmut/Pois 0%         N/A       77%         3
 Mephitic Cloud           Conj/Pois/Air  0%         N/A       77%         3
 Vampiric Draining        Necr           0%         2d6       77%         3
 Agony                    Necr           0%         N/A       100%        5
 Arcjolt                  Conj/Air       0%         1d10      100%        5
 Freezing Cloud           Conj/Ice/Air   0%         6-21      100%        5
 Lightning Bolt           Conj/Air       0%         1d11      100%        5
 Maxwell's Capacitive Co  Air            0%         ∞         100%        8

Inventory:

Hand Weapons
 a - a +1 rapier of flaming
 j - a +0 glaive
   (You took it off a skeletal warrior on level 12 of the Dungeon)
 o - the +10 spear of Broken Luck (melded) {vorpal, +Blink}
   (You found it on level 2 of the Dungeon)

   It inflicts extra damage upon your enemies.
   +Blink:    It lets you blink.
Missiles
 d - 4 throwing nets
 e - 22 javelins
Armour
 c - a +2 helmet (melded)
 q - a +0 troll leather armour
   (You found it on level 11 of the Dungeon)
 C - a +1 cloak
   (You took it off Crazy Yiuf on level 5 of the Dungeon)
 G - a +1 chain mail of fire resistance (melded)
   (You bought it in a shop on level 5 of the Dungeon)
 K - a +1 cloak of poison resistance (melded)
   (You found it in a Gauntlet)
 L - the +2 pair of gloves "Jyng" (melded) {rPois}
   (You found it in a Gauntlet)

   rPois:     It protects you from poison.
Jewellery
 i - an amulet of guardian spirit
   (You found it on level 1 of the Dungeon)
 k - a ring of wizardry
   (You found it on level 6 of the Dungeon)
 y - a ring of protection from cold
   (You found it on level 12 of the Dungeon)
 I - a +4 ring of evasion (melded)
   (You found it on level 9 of the Dungeon)
 J - a ring of flight (melded)
   (You found it on level 9 of the Dungeon)
 M - the amulet "Fikus" (around neck) {RegenMP Contam rElec rN+}
   (You found it in a Gauntlet)

   [amulet of magic regeneration]

   It increases your rate of magic regeneration.
   rElec:     It insulates you from electricity.
   rN:        It protects you from negative energy.
   Contam:    It causes magical contamination when unequipped.
Wands
 m - a wand of flame (19) (quivered)
   (You found it on level 11 of the Dungeon)
 A - a wand of mindburst (9)
   (You found it on level 5 of the Dungeon)
 E - a wand of polymorph (3)
   (You took it off an orc wizard on level 8 of the Dungeon)
 F - a wand of charming (16)
   (You found it on level 8 of the Dungeon)
 O - a wand of light (3)
   (You found it on level 2 of the Lair of Beasts)
Scrolls
 f - 2 scrolls of amnesia
 g - 3 scrolls of magic mapping
 l - 3 scrolls of fog
 w - 8 scrolls of fear
 x - 7 scrolls of teleportation
 B - a scroll of blinking
 N - 3 scrolls of identify
Potions
 h - 4 potions of flight
 n - 5 potions of mutation
 p - 3 potions of lignification
 r - 5 potions of attraction
 s - 2 potions of heal wounds
 t - a potion of magic
 u - a potion of invisibility
 v - a potion of resistance
 D - a potion of ambrosia
Miscellaneous
 b - a phantom mirror
   (You found it on level 1 of the Lair of Beasts)

Dungeon Overview and Level Annotations

Branches:
Dungeon (12/15) Zot: 23821  Temple (0/1) D:4            Lair (3/5) D:11 Zot: 14614
 Shoals (0/4) Lair:2          Orc (0/2) D:12          Sewer (visited)
Ossuary (visited)         Gauntlet (visited)
  Snake: Lair:2-3    Spider: Lair:2-3

Altars:
Cheibriados
Dithmenos
Fedhas
Hepliaklqana
Okawaru
Qazlal
Vehumet
Wu Jian
Xom

Shops:
D:5 [

Annotations:
D:6 2 transporters, innerfire433's ghost, novice DsMo
D:11 1 runed translucent door, SirDiesAlot's ghost, journeyman DEEE
Lair:1 3 runed translucent doors, Econoterrorist's ghost, journeyman TrMo
Lair:3 exclusion: oklob plant, Kirke

########### #####
##....#.#P.###.^....
..>.....................
........................
.....H@.................
.......h................
........k.†.†...........
..........†.............
..........†††...†.......
........................
.<.....##P##.#.......###
...P### ######....####
...P ##...## .. #....#


You could see Kirke (skewered), a manticore (summoned, unable to see you) and a
lindwurm (summoned, unable to see you).


Message History

You puncture the wolf!
You kill the wolf!
Kirke, Weaver of Myths comes into view.
Things that are here:
a wolf corpse; a wolf corpse Kirke is nearby!
Unknown command.
Kirke is nearby!
Found a stone staircase leading down.
Kirke shouts! 😮 HP[+1]
A hog comes into view.
Found a stone staircase leading up.
The hog squeals angrily.
You hit Kirke. Your kick misses Kirke. Kirke hits you but does no damage.
Unknown command.
You closely miss Kirke. Your kick misses Kirke.
Kirke hits you but does no damage. 😮 HP[+1]
You puncture Kirke! Your kick misses Kirke.
The hog bites you but does no damage. Kirke hits you but does no damage.
You closely miss Kirke. You kick Kirke, but do no damage.
The hog barely misses you.
Unknown command.
You closely miss Kirke. You kick Kirke. The hog bites you!
Kirke hits you but does no damage. 😮 HP[-8]
You take 8 damage, and now have 78/115 hp.
You hit Kirke. You kick Kirke, but do no damage.
The hog bites you but does no damage. Kirke casts a spell at you.
You turn into a filthy swine.
The +10 spear of Broken Luck {vorpal, +Blink} melds into your body.
Your +1 cloak of poison resistance melds into your body.
Your +2 helmet melds into your body.
The +2 pair of gloves "Jyng" {rPois} melds into your body.
Your +1 chain mail of fire resistance melds into your body.
Your +4 ring of evasion melds into your body.
Your ring of flight melds into your body.
You no longer feel resistant to poison.
You feel less resistant to fire.
You float gracefully downwards.
The hog bites you!
You emit a cloud of foul miasma!
Unknown command. 😮 HP[-7]
You take 7 damage, and now have 71/115 hp.
You barely miss Kirke. Kirke misses you.
Unknown command.
You bite Kirke!
The hog is engulfed in dark miasma.
The hog is poisoned.
The hog bites you! Kirke hits you!!
* * * LOW HITPOINT WARNING * * *
😨 HP[-31]
You take 31 damage, and now have 40/115 hp.
MASSIVE DAMAGE!! (PAUSE)
You bite Kirke!
The hog is engulfed in dark miasma.
The hog looks even sicker.
The hog barely misses you.
The hog is engulfed in dark miasma.
The hog looks even sicker.
The hog barely misses you.
Unknown command.
You bite Kirke!
Kirke casts a spell.
Kirke summons a manticore!
Unknown command.
You completely miss Kirke.
The hog is engulfed in dark miasma.
The hog looks as sick as possible!
The hog seems to slow down.
The hog misses you. Kirke hits you!
* * * LOW HITPOINT WARNING * * *
😨 HP[-8]
You take 8 damage, and now have 32/115 hp.
You fade into invisibility!
The manticore flicks its tail.
The volley of spikes hits the hog!
The hog is engulfed in dark miasma.
The hog looks as sick as possible!
You kill the hog!
Kirke mumbles some strange words.
Kirke summons a lindwurm!
Unknown command.
You feel protected.
The manticore flicks its tail.
The volley of spikes hits you!
The barbed spikes become lodged in your body.
* * * LOW HITPOINT WARNING * * *
Kirke hits you!
* * * LOW HITPOINT WARNING * * *
The lindwurm closely misses you. x2; The lindwurm misses you. 😱 HP[-18]
You take 18 damage, and now have 14/115 hp.
Really quaff the potion of lignification?
You are stuck in your current form!
Unknown command.
Unknown command.
You hit Kirke.
The manticore flicks its tail.
The volley of spikes hits Kirke!!
Kirke barely misses you.
You closely miss Kirke. The lindwurm misses you. x2
The lindwurm closely misses you.
The manticore flicks its tail.
The volley of spikes hits Kirke!! 😱 HP[+1] Unknown command.
You barely miss Kirke. Kirke hits you!
You die...

Skill      XL: |  1  2  3  4  5  6  7  8  9 10 11 12 13 |
---------------+----------------------------------------+-----
Armour         | 1 2 3 4 5 7 9 11 12 14 | 14.6
Fighting       | 3 4 5 6 8 10 12 13 15 | 15.0
Polearms       | 4 5 |  5.0
Short Blades   | |  2.6
Throwing       | |  1.7
Dodging        | |  2.6

Action                   |  1- 3 |  4- 6 |  7- 9 | 10-12 | 13-15 || total
-------------------------+-------+-------+-------+-------+-------++-------
Melee: Rapier            |    86 |       |       |       |       ||    86
       Punch             |     3 |     1 |     2 |    10 |       ||    16
       Spear             |    29 |   110 |   299 |   669 |    78 ||  1185
       Kick              |       |    19 |    71 |   231 |    22 ||   343
       Unarmed           |       |       |       |    11 |     8 ||    19
Evoke: Wand              |       |       |       |     8 |       ||     8
  Use: Scroll            |     7 |       |    12 |    14 |       ||    33
       Potion            |       |       |     4 |    11 |     4 ||    19
 Stab: Sleeping          |     3 |     2 |     1 |       |       ||     6
       Invisible         |       |       |       |     5 |       ||     5
Armor: Leather armour    |    41 |    45 |    86 |       |       ||   172
       Skin              |       |       |     4 |       |       ||     4
       Ring mail         |       |       |    49 |    13 |       ||    62
       Chain mail        |       |       |       |   481 |    82 ||   563
Dodge: Dodged            |    88 |    75 |   123 |   513 |    99 ||   898

Levels and vault maps discovered:
D:1:      minmay_arrival_shoal_huts, layout_rooms
D:2:      layout_rooms, ebering_ecumenical_altar_mist,
          nicolae_elevator_lobby_plus
D:3:      layout_basic, mainiacjoe_overflow_24_doors, mainiacjoe_overflow_swirl,
          minmay_misc_feat_square
D:4:      layout_loops_corners, amcnicky_altar_gilded,
          kennysheep_okawaru_gauntlet, fedhas_altar_fruit_tree,
          minmay_temple_entry_glassed_door, gup_sewer_entry_glass,
          uniq_blork_the_orc
D:5:      layout_cave_pools, nicolae_overflow_crystal_walls, enter_ossuary_1,
          serial_shops, shop, nicolae_figureground_sparkle,
          uniq_crazy_yiuf_cottage, uniq_sigmund, uniq_grinder, uniq_duvessa,
          uniq_eustachio
D:6:      layout_rooms, gammafunk_ghost_arena, serial_bayou_pond_c,
          corner_web_ring
D:7:      layout_loops_ring, grunt_ministairs_15,
          chequers_serial_rivers_micro_b, lemuel_flame_loot_1
D:8:      layout_loops_ring, uniq_erica
D:9:      layout_rooms
D:10:     layout_irregular_city, riverfiend_overflow_shadow_ancestor,
          slow_altar_2
D:11:     layout_basic, erik_lair_island, serial_glass, glass_columns_b,
          glass_columns_a, gammafunk_ghost_grave
D:12:     layout_cave_pods, orc_0_dummy, nicolae_figureground_pulse
Lair:1:   layout_concentric_octagons, gauntlet_entry_generic,
          ebering_ghost_rock_garden, nzn_random_ring
Lair:2:   layout_cave_pods, minmay_shoals_entry_beasts,
          chequers_serial_rivers_micro_b, nicolae_quartered_pool_super,
          uniq_urug
Lair:3:   layout_big_grid, minmay_snake_entry_six_corridors, disabler_island,
          serial_bayou_shore_b, uniq_kirke

Notes
Turn   | Place    | Note
-------+----------+-------------------------------------------
     0 | D:1      | ytrimaz the Demonspawn Gladiator began the quest for the
                  | Orb.
     0 | D:1      | Reached XP level 1. HP: 16/16 MP: 1/1
     0 | D:1      | magus.rc [v1.9.6]
   320 | D:1      | Reached skill level 1 in Armour
   320 | D:1      | Gained mutation: You sometimes gain a little power by
                  | taking damage. [demonic ancestry]
   320 | D:1      | Reached XP level 2. HP: 15/23 MP: 2/2
   798 | D:1      | Gained mutation: You may rarely emit foul miasma when
                  | damaged in melee. [demonic ancestry]
   798 | D:1      | Reached XP level 3. HP: 18/28 MP: 1/3
  1007 | D:2      | Reached skill level 3 in Fighting
  1061 | D:2      | Found a faded altar of an unknown god.
  1067 | D:2      | Identified the +10 spear of Broken Luck {vorpal, +Blink}
  1703 | D:3      | Reached skill level 2 in Armour
  1847 | D:3      | Noticed a black bear
  1848 | D:3      | Gained mutation: You have large cloven feet. [demonic
                  | ancestry]
  1848 | D:3      | Reached XP level 4. HP: 31/35 MP: 4/4
  1854 | D:3      | Killed a black bear
  1855 | D:3      | Reached skill level 4 in Fighting
  1855 | D:3      | Reached skill level 3 in Armour
  1855 | D:3      | Gained mutation: You sometimes emit foul miasma when
                  | damaged in melee. [demonic ancestry]
  1855 | D:3      | Reached XP level 5. HP: 30/42 MP: 3/5
  1976 | D:3      | Found an ornate altar of the Wu Jian Council.
  2199 | D:3      | Found a stormy altar of Qazlal.
  2535 | D:3      | magus.rc [v1.9.6]
  2692 | D:4      | Gained mutation: You are partially covered in yellow
                  | scales. (AC +2) [demonic ancestry]
  2692 | D:4      | Reached XP level 6. HP: 49/49 MP: 6/6
  2713 | D:4      | Found a glowing drain.
  2713 | D:4      | Noticed Blork the orc
  2718 | D:4      | Killed Blork the orc
  2719 | D:4      | Reached skill level 5 in Fighting
  2731 | D:4      | Reached skill level 4 in Armour
  2746 | Sewer    | Entered a sewer
  3022 | Sewer    | Gained mutation: You have hoof-like feet. [demonic
                  | ancestry]
  3022 | Sewer    | Reached XP level 7. HP: 55/56 MP: 7/7
  3159 | Sewer    | Reached skill level 6 in Fighting
  3159 | Sewer    | Reached skill level 5 in Armour
  3538 | D:4      | Found a blossoming altar of Fedhas.
  3583 | D:4      | Found a staircase to the Ecumenical Temple.
  3814 | D:4      | Found a shimmering altar of Xom.
  3990 | D:4      | Found an iron altar of Okawaru.
  4381 | D:5      | Entered Level 5 of the Dungeon
  4381 | D:5      | Found Vemelu's Antique Armour Shop.
  4387 | D:5      | Noticed Grinder
  4395 | D:4      | Reached XP level 8. HP: 34/65 MP: 4/8
  4553 | D:5      | Reached skill level 7 in Fighting
  4553 | D:5      | Reached skill level 6 in Armour
  4558 | D:5      | Killed Grinder
  4733 | D:5      | Found a sand-covered staircase.
  4748 | Ossuary  | Entered an ossuary
  5059 | D:5      | Found a radiant altar of Vehumet.
  5105 | D:5      | Noticed Eustachio
  5105 | D:5      | Noticed Duvessa
  5106 | D:5      | Noticed Dowan
  5126 | D:5      | Killed Duvessa
  5126 | D:5      | HP: 16/68 [Dowan/shard of ice (20)]
  5127 | D:5      | Reached skill level 8 in Fighting
  5127 | D:5      | Reached skill level 7 in Armour
  5128 | D:5      | HP: 7/68 [Dowan/shard of ice (9)]
  5132 | D:5      | Killed Eustachio
  5134 | D:5      | HP: 17/69 [Dowan/+0 dagger (2)]
  5135 | D:5      | Killed Dowan
  5548 | D:5      | Noticed Sigmund
  5555 | D:5      | Killed Sigmund
  5556 | D:5      | Reached XP level 9. HP: 75/75 MP: 9/9
  5804 | D:5      | Found a runed translucent door.
  5805 | D:5      | Noticed Crazy Yiuf
  5920 | D:5      | Killed Crazy Yiuf
  5990 | D:6      | Noticed innerfire433's ghost (novice DsMo)
  5993 | D:6      | Found a transporter.
  6025 | D:6      | Reached skill level 9 in Fighting
  6062 | D:6      | Found a transporter.
  6085 | D:6      | Reached skill level 8 in Armour
  6434 | D:6      | You add the spells Ignite Poison, Mephitic Cloud and
                  | Freezing Cloud to your library.
  7153 | D:7      | Reached skill level 10 in Fighting
  7409 | D:8      | Reached skill level 9 in Armour
  7701 | D:8      | Reached XP level 10. HP: 80/86 MP: 8/10
  8161 | D:8      | Noticed Erica
  8175 | D:8      | Killed Erica
  8176 | D:8      | Reached skill level 11 in Fighting
  8182 | D:8      | Reached skill level 10 in Armour
  8787 | D:5      | Bought a runed chain mail for 225 gold pieces
  8942 | D:9      | Noticed a two-headed ogre
  8956 | D:9      | Killed a two-headed ogre
  9633 | D:9      | Reached skill level 12 in Fighting
  9999 | D:9      | Reached skill level 11 in Armour
 10005 | D:9      | HP: 19/89 [acid dragon/splash of acid (8)]
 10016 | D:9      | Gained mutation: Your hexes are more powerful. [demonic
                  | ancestry]
 10016 | D:9      | Reached XP level 11. HP: 16/95 MP: 2/11
 10486 | D:10     | Entered Level 10 of the Dungeon
 10560 | D:10     | You pick up a book of Necromancy and begin reading...
 10560 | D:10     | You add the spells Necrotise, Vampiric Draining and Agony
                  | to your library.
 11041 | D:10     | Found a snail-covered altar of Cheibriados.
 11067 | D:10     | You pick up a book of Lightning and begin reading...
 11067 | D:10     | You add the spells Static Discharge, Lightning Bolt,
                  | Arcjolt and Maxwell's Capacitive Coupling to your library.
 11094 | D:10     | Found a shadowy altar of Dithmenos.
 11094 | D:10     | Found a hazy altar of Hepliaklqana.
 11738 | D:11     | Found a runed translucent door.
 11739 | D:11     | Noticed SirDiesAlot's ghost (journeyman DEEE)
 11760 | D:11     | Noticed a two-headed ogre
 11773 | D:11     | Killed a two-headed ogre
 11779 | D:11     | Reached skill level 13 in Fighting
 11804 | D:11     | Reached skill level 12 in Armour
 11855 | D:11     | Found a staircase to the Lair.
 11888 | D:11     | Noticed a red ugly thing
 11896 | D:11     | HP: 22/98 [vampire mosquito (6)]
 11901 | D:11     | HP: 14/98 [vampire mosquito (1)]
 11964 | D:11     | HP: 19/98 [orc warrior/+0 war axe (6)]
 11984 | D:12     | Found a staircase to the Orcish Mines.
 11985 | D:12     | HP: 23/98 [centaur/arrow (2)]
 12355 | D:11     | Killed a red ugly thing
 12512 | D:11     | You are sucked into a shaft and drop 1 floor!
 12513 | D:12     | Noticed a tengu warrior
 12547 | D:12     | HP: 24/98 [tengu warrior/+0 battleaxe (1)]
 12551 | D:12     | Killed a tengu warrior
 12907 | D:12     | Noticed a sun demon
 12910 | D:12     | Noticed a soul eater
 12934 | D:12     | HP: 24/99 [orc warrior/+0 flail (2)]
 12936 | D:12     | HP: 11/99 [orc priest/divine providence (14)]
 13663 | D:12     | Gained mutation: You are mostly covered in yellow scales.
                  | (AC +3) [demonic ancestry]
 13663 | D:12     | Reached XP level 12. HP: 100/106 MP: 10/12
 13666 | D:12     | Reached skill level 14 in Fighting
 14237 | D:12     | Reached skill level 13 in Armour
 15152 | Lair:1   | Entered Level 1 of the Lair of Beasts
 15189 | Lair:1   | Found a gate leading to a gauntlet.
 15196 | Gauntlet | Entered a Gauntlet
 15196 | Gauntlet | Found a transporter.
 15196 | Gauntlet | Found a transporter.
 15200 | Gauntlet | Found a transporter.
 15200 | Gauntlet | Found a transporter.
 15207 | Gauntlet | Found a transporter.
 15218 | Gauntlet | Noticed a tengu warrior
 15219 | Gauntlet | Noticed an eight-headed hydra
 15223 | Gauntlet | Found a transporter.
 15238 | Gauntlet | Found a transporter.
 15241 | Gauntlet | Found a transporter.
 15242 | Gauntlet | Found a transporter.
 15242 | Gauntlet | Found a transporter.
 15252 | Gauntlet | Noticed a reaper
 15279 | Gauntlet | Found a transporter.
 15281 | Gauntlet | Found a large runed translucent door.
 15330 | Gauntlet | Found a transporter.
 15332 | Gauntlet | Found a large runed translucent door.
 15332 | Gauntlet | Found a large runed translucent door.
 15333 | Gauntlet | Found a large runed translucent door.
 15333 | Gauntlet | Found a large runed translucent door.
 15334 | Gauntlet | Found a large runed translucent door.
 15334 | Gauntlet | Found a large runed translucent door.
 15334 | Gauntlet | Found a runed translucent door.
 15334 | Gauntlet | Found a runed translucent door.
 15334 | Gauntlet | Found a large runed translucent door.
 15335 | Gauntlet | Found a large runed translucent door.
 15342 | Gauntlet | Found a large runed translucent door.
 15342 | Gauntlet | Found a large runed translucent door.
 15343 | Gauntlet | Found a large runed translucent door.
 15343 | Gauntlet | Found a large runed translucent door.
 15344 | Gauntlet | Found a large runed translucent door.
 15344 | Gauntlet | Found a large runed translucent door.
 15345 | Gauntlet | Found a runed translucent gate.
 15345 | Gauntlet | Found a runed translucent gate.
 15345 | Gauntlet | Found a runed translucent gate.
 15347 | Gauntlet | Found a transporter.
 15357 | Gauntlet | Found a large runed translucent door.
 15447 | Gauntlet | Found a transporter.
 15450 | Gauntlet | Noticed a reaper
 15461 | Gauntlet | Found a transporter.
 15474 | Gauntlet | Found a transporter.
 15985 | Gauntlet | Identified the +2 pair of gloves "Jyng" {rPois}
 16304 | Gauntlet | Identified the +0 hat "Uxzel" {Drain Str+3 Int+2 SInv}
 16309 | Gauntlet | Identified the amulet "Fikus" {RegenMP Contam rElec rN+}
 16336 | Gauntlet | Identified the +0 kite shield of Vatt {rC- Dex+5}
 16336 | Gauntlet | Noticed a minotaur
 16355 | Gauntlet | Killed a minotaur
 16512 | Lair:1   | Reached skill level 15 in Fighting
 16842 | Lair:1   | Reached skill level 1 in Polearms
 17007 | Lair:1   | Found a runed translucent gate.
 17007 | Lair:1   | Found a runed translucent gate.
 17007 | Lair:1   | Found a runed translucent gate.
 17009 | Lair:1   | Noticed Econoterrorist's ghost (journeyman TrMo)
 17073 | Lair:1   | Noticed a catoblepas
 17098 | Lair:1   | Killed a catoblepas
 17099 | Lair:1   | Reached skill level 2 in Polearms
 17103 | Lair:1   | Reached skill level 14 in Armour
 17523 | Lair:1   | Reached skill level 3 in Polearms
 17933 | Lair:2   | HP: 18/109 [cane toad (15)]
 18543 | Lair:2   | Reached skill level 4 in Polearms
 18543 | Lair:2   | Gained mutation: You are completely covered in yellow
                  | scales. (AC +4, rCorr) [demonic ancestry]
 18543 | Lair:2   | Reached XP level 13. HP: 80/115 MP: 13/13
 18715 | Lair:2   | Noticed Urug
 18730 | Lair:2   | Killed Urug
 19247 | Lair:2   | Found a staircase to the Shoals.
 19702 | Lair:3   | Reached skill level 5 in Polearms
 19707 | Lair:3   | Noticed Kirke
 19723 | Lair:3   | HP: 21/115 [manticore/volley of spikes[Kirke] (11)]
 19726 | Lair:3   | Slain by Kirke

Vanquished Creatures
  A minotaur (Gauntlet)
  2 two-headed ogres
  Erica (D:8)
  A catoblepas (Lair:1)
  A tengu warrior (D:12)
  Urug (Lair:2)
  3 skeletal warriors (D:12)
  A sixfirhy (Gauntlet)
  A wolf spider (Gauntlet)
  2 manticores
  A moth of wrath (Gauntlet)
  An ugly thing (D:11)
  2 gargoyles (D:11)
  3 elephants (Lair:2)
  6 cane toads
  A rime drake (Lair:2)
  An unseen horror (D:12)
  3 kobold demonologists (D:12)
  3 komodo dragons
  A freezing wraith (D:10)
  3 trolls
  A blink frog (Lair:1)
  A wind drake (Lair:2)
  Grinder (D:5)
  Sigmund (D:5)
  9 shadows
  3 wraiths
  27 yaks
  6 hogs (Lair:3)
  Eustachio (D:5)
  4 redbacks (Gauntlet)
  8 vampire mosquitoes
  An acid dragon (D:9)
  4 water moccasins (Lair:1)
  Duvessa (D:5)
  An ice beast (D:8)
  5 orc warriors
  4 black bears
  11 wolves
  3 ogres (D:5)
  3 centaurs
  A phantom (D:6)
  5 kobold brigands
  Blork the orc (D:4)
  9 bullfrogs
  3 necrophages
  2 scorpions
  7 wights
  Dowan (D:5)
  8 killer bees
  5 electric eels
  2 howler monkeys (D:7)
  Crazy Yiuf (D:5)
  9 orc priests
  4 jellies
  7 hounds
  17 orc wizards
  A mummy (Ossuary)
  10 adders
  6 gnolls
  5 river rats (Sewer)
  3 shadow imps
  A white imp (D:8)
  3 ufetubi
  3 worms
  6 dart slugs
  33 orcs
  11 ball pythons
  6 endoplasms
  3 giant cockroaches
  8 goblins
  13 hobgoblins
  2 quokkas
  5 bats
  3 frilled lizards
  4 gnoll skeletons (Ossuary)
  28 kobolds
  9 kobold skeletons (Ossuary)
  12 orc skeletons (Ossuary)
  25 rats
416 creatures vanquished.

Vanquished Creatures (others)
  An orc wizard (D:9)
  A fungus (Lair:1)
  16 plants
  16 withered plants
34 creatures vanquished.

Grand Total: 450 creatures vanquished

Table legend:
 A = Non-vault XP
 B = Vault XP
 C = Vault XP percentage of total XP
 D = Non-vault monster count
 E = Vault monster count
 F = Vault count percentage of total count
                 A         B        C        D         E       F
            +---------+---------+-------+---------+---------+-------
      Total |   27760 |   14875 |  34.9 |     274 |     143 |  34.3
            +---------+---------+-------+---------+---------+-------
        D:1 |      44 |       0 |   0.0 |      23 |       0 |   0.0
        D:2 |      23 |       0 |   0.0 |      12 |       0 |   0.0
        D:3 |     244 |       0 |   0.0 |      24 |       0 |   0.0
        D:4 |     422 |     139 |  24.8 |      21 |       7 |  25.0
        D:5 |     768 |     935 |  54.9 |      19 |       6 |  24.0
        D:6 |     616 |       0 |   0.0 |      11 |       0 |   0.0
        D:7 |     651 |     129 |  16.5 |      13 |       4 |  23.5
        D:8 |    2799 |     839 |  23.1 |      32 |       1 |   3.0
        D:9 |    2684 |       0 |   0.0 |      22 |       0 |   0.0
       D:10 |    3268 |       5 |   0.2 |      23 |       1 |   4.2
       D:11 |    3364 |    1004 |  23.0 |      17 |       9 |  34.6
       D:12 |    7033 |       0 |   0.0 |      32 |       0 |   0.0
     Lair:1 |    1068 |    3485 |  76.5 |       4 |      12 |  75.0
     Lair:2 |    3572 |    1710 |  32.4 |      13 |       4 |  23.5
     Lair:3 |    1204 |    1147 |  48.8 |       8 |       6 |  42.9
      Sewer |       0 |     432 | 100.0 |       0 |      50 | 100.0
    Ossuary |       0 |     248 | 100.0 |       0 |      27 | 100.0
   Gauntlet |       0 |    4802 | 100.0 |       0 |      16 | 100.0
            +---------+---------+-------+---------+---------+-------

Illustrated notes

Table legend:
 A = Kills in this place as a percentage of kills in entire the game.
 B = Kills by you in this place as a percentage of kills by you in the entire game.
 C = Kills by friends in this place as a percentage of kills by friends in the entire game.
 D = Other kills in this place as a percentage of other kills in the entire game.
 E = Experience gained in this place as a percentage of experience gained in the entire game.
 F = Experience gained in this place divided by the number of levels of this place that you have seen.
                   A       B       C       D       E      F
               +-------+-------+-------+-------+-------+----------------------
         Total | 100.0 | 100.0 |   N/A | 100.0 | 100.0 | 2368.6
       Dungeon |  66.4 |  66.3 |   N/A | 100.0 |  58.6 | 2080.6
          Lair |  11.3 |  11.3 |   N/A |   0.0 |  28.6 | 4062.0
         Sewer |  12.0 |  12.0 |   N/A |   0.0 |   1.0 | 432.0
       Ossuary |   6.5 |   6.5 |   N/A |   0.0 |   0.6 | 248.0
      Gauntlet |   3.8 |   3.8 |   N/A |   0.0 |  11.3 | 4802.0
               +-------+-------+-------+-------+-------+----------------------

Table legend: (Time is in decaauts)
 A = Elapsed time spent in this place.
 B = Non-inter-level travel time spent in this place.
 C = Inter-level travel time spent in this place.
 D = Time resting spent in this place.
 E = Time spent auto-exploring this place.
 F = Levels seen in this place.
 G = Mean time per level.
                   A        B        C        D        E       F      G
               +--------+--------+--------+--------+--------+-----+--------+
         Total |  19806 |  19330 |    476 |   1808 |  14466 |  18 | 1100.3 |
       Dungeon |  14224 |  13786 |    438 |   1226 |  10452 |  12 | 1185.3 |
          Lair |   3385 |   3347 |     38 |    242 |   2714 |   3 | 1128.3 |
         Sewer |    764 |    764 |      0 |      0 |    576 |   1 |  764.0 |
       Ossuary |    279 |    279 |      0 |      0 |    179 |   1 |  279.0 |
      Gauntlet |   1152 |   1152 |      0 |    340 |    544 |   1 | 1152.0 |
               +--------+--------+--------+--------+--------+-----+--------+

Top non-repeatable levels by time:
    D:12: 2627 daAuts
     D:8: 1875 daAuts
  Lair:2: 1715 daAuts
  Lair:1: 1576 daAuts
     D:5: 1226 daAuts
    D:10: 1210 daAuts
     D:4: 1210 daAuts
Gauntlet: 1152 daAuts
     D:9: 1148 daAuts
     D:1: 982 daAuts
     D:3: 956 daAuts
     D:7: 885 daAuts
    D:11: 853 daAuts
   Sewer: 764 daAuts
     D:2: 670 daAuts
